 Dungeon Crawl Stone Soup version 0.27-a0-906-g0a00ce863d (webtiles) character file.

Game seed: 10818718312495440965

3275 pkoi the Grappler (level 9, -7/83 HPs)
             Began as a Troll Monk on Apr 8, 2021.
             Was a Priest of Makhleb.
             Mangled by a killer bee (10 damage)
             ... on level 7 of the Dungeon.
             The game lasted 00:10:02 (5032 turns).

pkoi the Grappler (Troll Monk)                      Turns: 5032, Time: 00:10:03

Health: -7/83      AC:  6    Str: 24    XL:     9   Next: 68%
Magic:  10/10      EV: 10    Int:  6    God:    Makhleb [***...]
Gold:   530        SH:  0    Dex: 12    Spells: 8/8 levels left

rFire    . . .     SeeInvis .     - Unarmed
rCold    . . .     Faith    .   (no shield)
rNeg     . . .     Spirit   .   a - +0 robe
rPois    .         Reflect  .   k - +2 hat
rElec    .         Harm     .   (no cloak)
rCorr    .         Rampage  .   (gloves unavailable)
Will     .....                  (boots unavailable)
Stlth    ++........             (no amulet)
HPRegen  1.23/turn              (no ring)
MPRegen  0.12/turn              (no ring)

@: weak-willed, invisible
A: large, unfitting armour, claws 3, regeneration 1, shaggy fur 1, tough skin 1
a: Renounce Religion, Minor Destruction, Lesser Servant of Makhleb


You were on level 7 of the Dungeon.
You worshipped Makhleb.
Makhleb was most pleased with you.
You visited 2 branches of the dungeon, and saw 8 of its levels.
You also visited: Ossuary.

You collected 530 gold pieces.

Inventory:

Armour
 a - a +0 robe (worn)
 k - a +2 hat (worn)
Wands
 j - a wand of polymorph (9)
 n - a wand of digging (5)
 o - a wand of iceblast (7)
Scrolls
 d - 8 scrolls of identify
 f - 2 scrolls of amnesia
 h - a scroll of teleportation
 u - a scroll of holy word
 v - a scroll of enchant armour
 w - a scroll of immolation
Potions
 b - a potion of might
 c - a potion of magic
 e - 2 potions of flight
 g - a potion of invisibility
 i - 6 potions of curing
 l - a potion of berserk rage
 p - a potion of brilliance {unknown}
 q - 2 potions of haste {unknown}
 r - a potion of resistance
 s - 3 potions of heal wounds {unknown}
 t - a potion of lignification {unknown}
 B - a potion of attraction {unknown}


   Skills:
 + Level 3.6 Fighting
 + Level 3.5 Dodging
 - Level 1.0 Stealth
 + Level 12.5 Unarmed Combat
 + Level 2.7 Invocations


You had 8 spell levels left.
You didn't know any spells.
Your spell library was empty.

Dungeon Overview and Level Annotations

Branches:
Dungeon (7/15)             Temple (1/1) D:6         Ossuary (visited)

Altars:
Ashenzari
Cheibriados
Dithmenos
Elyvilon
Gozag
Hepliaklqana
Kikubaaqudgha
Makhleb
Okawaru
Qazlal
Sif Muna
Uskayaw
Vehumet
Xom
Yredelemnul
Zin
The Shining One

Shops:
D:1 [

Annotations:
D:3 3 runed translucent doors, bilbop's ghost, amateur MiHu
D:5 2 runed translucent doors, rageheart7's ghost, novice TrFi


Innate Abilities, Weirdness & Mutations

You are too large for most types of armour.
You have claws for hands.
Your natural rate of healing is unusually fast.
You are covered in fur. (AC +1)
You have tough skin. (AC +1)


Message History

You hear a loud clanging noise!
It was a scroll of noise.
You feel very sick.
You hear a shout! x2
The killer bee stings you.
* * * LOW HITPOINT WARNING * * *
The killer bee stings you but does no damage.
As you read the scroll labelled VOIJAAMAMI, it crumbles to dust.
It is a scroll of enchant weapon.
You aren't carrying any weapons that can be enchanted.
You feel sick. The killer bee stings you!
* * * LOW HITPOINT WARNING * * *
The killer bee closely misses you.
As you read the scroll labelled IRRORH XEIG, it crumbles to dust.
Magic quickly surges around you.
It was a scroll of vulnerability.
You feel sick.
The killer bee stings you but does no damage.
An orc comes into view. It is wielding a +0 club.
The killer bee stings you.
* * * LOW HITPOINT WARNING * * *
The orc priest looks satisfied for a moment.
Blink to where?
Press: ? - help, Dir - move target
As you read the scroll labelled LEOSIM CALESOSCH, it crumbles to dust.
It was a scroll of blinking.
You feel sick.
You feel sick.
You feel sick.
You feel sick.
You feel sick.
You feel sick.
It was a potion of magic.
Magic courses through your body.
You feel sick.
You are no longer poisoned.
The killer bee barely misses you. The killer bee stings you.
* * * LOW HITPOINT WARNING * * *
It was a potion of invisibility.
You fade into invisibility!
The killer bee stings you.
* * * LOW HITPOINT WARNING * * *
The killer bee barely misses you. The killer bee stings you!
You die...

*** *** #y# ##.##
**,* *,*
#.#######...##
##.,***,*
#.y..>.......#
...,,,,,*
#..######...##
###,*****
#..###........
*≈*,*≈*
#......##..###
*≈*,*≈*
######.######..#
#≈#.#≈#**
#yyyy..........#
#≈#.#≈#≈###
#@############.#
#≈#.#≈#≈#.# #.# #.#
#≈#.#≈#≈#.# #.#
######.###
#≈#.#≈#*#.#
##.#######...)).[..
#;#.#≈# #.#
#...........#######
#;#.#≈# #.#
#.####.####.# *≈≈
###.#####.#
#.##.....##.####**#
.#........#
#.#.......#....#
....#.##.##
#.#.......#....#


You could see 4 killer bees.

Vanquished Creatures
  Pikel (D:5)
  A troll (D:6)
  A yak (D:6)
  A water moccasin (D:5)
  3 orc warriors
  3 ice beasts
  2 ogres (D:5)
  3 scorpions
  A wyvern zombie (D:6)
  A water moccasin skeleton (D:5)
  A killer bee (D:7)
  3 wights (D:6)
  2 centaur zombies (D:6)
  3 jellies
  5 hounds
  2 gnoll shamans
  3 orc priests
  3 iguanas
  Ijyb (D:3)
  5 orc wizards
  8 mummies (Ossuary)
  2 howler monkey zombies
  17 gnolls
  A river rat (D:6)
  6 adders
  A shadow imp (D:6)
  An adder zombie (D:3)
  An adder skeleton (D:4)
  3 worms
  2 dart slugs
  21 orcs
  7 ball pythons
  5 bats
  9 endoplasms
  2 giant cockroaches
  9 goblins
  3 hobgoblins
  8 jackals
  3 quokkas
  A frilled lizard (D:3)
  A giant cockroach zombie (D:3)
  A goblin zombie (D:4)
  4 hobgoblin zombies (Ossuary)
  6 kobolds
  4 orc zombies (Ossuary)
  A quokka zombie (D:4)
  5 rats
177 creatures vanquished.

Notes
Turn   | Place    | Note
-------+----------+-------------------------------------------
     0 | D:1      | pkoi the Troll Monk began the quest for the Orb.
     0 | D:1      | Reached XP level 1. HP: 22/22 MP: 0/0
    80 | D:1      | Reached XP level 2. HP: 27/29 MP: 1/1
   164 | D:1      | Found Zaomekh's Antique Armour Shoppe.
   176 | D:1      | Reached skill level 4 in Unarmed Combat
   335 | D:1      | Reached XP level 3. HP: 36/36 MP: 2/2
  1134 | D:3      | Reached XP level 4. HP: 44/44 MP: 3/3
  1149 | D:3      | Reached skill level 5 in Unarmed Combat
  1408 | D:3      | Noticed Ijyb
  1419 | D:3      | Killed Ijyb
  1539 | D:3      | Found a runed translucent gate.
  1539 | D:3      | Found a runed translucent gate.
  1539 | D:3      | Found a runed translucent gate.
  1539 | D:3      | Noticed bilbop's ghost (amateur MiHu)
  1541 | D:3      | Found a basalt altar of Yredelemnul.
  1551 | D:3      | Reached XP level 5. HP: 50/50 MP: 4/4
  1796 | D:4      | Reached skill level 6 in Unarmed Combat
  1803 | D:4      | Identified a scroll of acquirement
  1803 | D:4      | Acquired a +1 hat
  1824 | D:4      | Found a broken altar of Ashenzari.
  1919 | D:4      | Noticed a necrophage
  1962 | D:4      | Found a glowing silver altar of Zin.
  1991 | D:4      | Found a sand-covered staircase.
  1999 | Ossuary  | Entered an ossuary
  2071 | Ossuary  | Reached XP level 6. HP: 27/59 MP: 5/5
  2138 | Ossuary  | Reached skill level 7 in Unarmed Combat
  2563 | D:5      | Entered Level 5 of the Dungeon
  2563 | D:5      | Noticed an orc warrior
  2579 | D:5      | Killed an orc warrior
  2634 | D:5      | Reached skill level 8 in Unarmed Combat
  2634 | D:5      | Reached XP level 7. HP: 44/66 MP: 6/6
  2687 | D:5      | Reached skill level 9 in Unarmed Combat
  2723 | D:5      | Found a runed translucent door.
  2726 | D:5      | Noticed rageheart7's ghost (novice TrFi)
  2783 | D:5      | Found a runed translucent door.
  2979 | D:5      | Noticed Pikel
  3019 | D:5      | Killed Pikel
  3020 | D:5      | Reached skill level 10 in Unarmed Combat
  3020 | D:5      | Reached XP level 8. HP: 25/74 MP: 7/7
  3074 | D:5      | Reached skill level 11 in Unarmed Combat
  3480 | D:6      | Reached XP level 9. HP: 53/80 MP: 8/8
  3548 | D:6      | Reached skill level 12 in Unarmed Combat
  3581 | D:6      | Found a staircase to the Ecumenical Temple.
  3600 | Temple   | Entered the Ecumenical Temple
  3780 | Temple   | Became a worshipper of Makhleb the Destroyer
  3780 | Temple   | Reached * piety under Makhleb
  3780 | Temple   | Reached ** piety under Makhleb
  3918 | D:6      | Noticed a troll
  3980 | D:6      | Killed a troll
  3981 | D:6      | Reached skill level 1 in Invocations
  4020 | D:6      | Found a hide-covered altar of Uskayaw.
  4365 | D:7      | Found a white marble altar of Elyvilon.
  4448 | D:7      | Found an iron altar of Okawaru.
  4926 | D:7      | Reached *** piety under Makhleb
  5032 | D:7      | HP: 3/83 [killer bee (4)]
  5032 | D:7      | Mangled by a killer bee

Illustrated notes

Levels and vault maps discovered:
D:1:      evilmike_arrival_crescent, layout_rooms, serial_shops, shop,
          minmay_misc_feat_secret_circle
D:2:      layout_basic, st_stairs_13
D:3:      layout_rooms, nicolae_yredelemnul_ghost_church,
          corexii_hall_statues_i, uniq_ijyb
D:4:      layout_rooms, zin_statuary, marbit_many_paths, enter_ossuary_4,
          hangedman_glass_teeth
D:5:      layout_rooms, ebering_ghost_sewer_f, small_statue_intersection,
          uniq_pikel
D:6:      layout_basic, old_standard_altar, temple_fountains,
          gup_sewer_entry_spiral
D:7:      kennysheep_kobold_camp, layout_loops_corners, old_standard_altar,
          elyvilon_altar_4, serial_aquarium, aquarium_bridge_straight
          [aquarium_subvault_bridge, aquarium_subvault_window,
          aquarium_subvault_bridge, aquarium_subvault_wall],
          aquarium_bridge_long_separate [aquarium_subvault_bridge,
          aquarium_subvault_wall, aquarium_subvault_window,
          aquarium_subvault_balcony, aquarium_subvault_bridge,
          aquarium_subvault_bridge], aquarium_window_1, aquarium_window_fake,
          aquarium_window_fake, aquarium_view_4, aquarium_balcony_1b,
          kennysheep_doodads
Temple:   minmay_temple_curvy_loop

Skill      XL: |  1  2  3  4  5  6  7  8  9 |
---------------+----------------------------+-----
Unarmed Combat | 4 5 6 8 10 11 12 | 12.5
Invocations    | 2 |  2.7
Fighting       | 3 |  3.6
Dodging        | 3 |  3.5
Stealth        | |  1.0

Action                   |  1- 3 |  4- 6 |  7- 9 || total
-------------------------+-------+-------+-------++-------
Melee: Unarmed           |    78 |   166 |   232 ||   476
       Punch             |       |     6 |    10 ||    16
  Use: Scroll            |       |     5 |     8 ||    13
       Potion            |       |     4 |     2 ||     6
 Stab: Sleeping          |     2 |     2 |       ||     4
Armor: Robe              |    31 |    61 |    50 ||   142
Dodge: Dodged            |    27 |    74 |   107 ||   208

Table legend: (Time is in decaauts)
 A = Elapsed time spent in this place.
 B = Non-inter-level travel time spent in this place.
 C = Inter-level travel time spent in this place.
 D = Time resting spent in this place.
 E = Time spent auto-exploring this place.
 F = Levels seen in this place.
 G = Mean time per level.
                   A        B        C        D        E       F      G
               +--------+--------+--------+--------+--------+-----+--------+
         Total |   5002 |   4736 |    266 |    167 |   3347 |   9 |  555.8 |
       Dungeon |   4478 |   4238 |    240 |    142 |   3007 |   7 |  639.7 |
        Temple |    249 |    223 |     26 |      0 |    209 |   1 |  249.0 |
       Ossuary |    275 |    275 |      0 |     25 |    131 |   1 |  275.0 |
               +--------+--------+--------+--------+--------+-----+--------+

Top non-repeatable levels by time:
     D:6: 775 daAuts
     D:5: 727 daAuts
     D:3: 674 daAuts
     D:4: 602 daAuts
     D:7: 594 daAuts
     D:2: 585 daAuts
     D:1: 519 daAuts
 Ossuary: 275 daAuts
  Temple: 249 daAuts
